 Dungeon Crawl Stone Soup version 0.21-a0-229-g3587535 (webtiles) character file.

15 CotterCat the Grave Robber (level 2, -1/19 HPs)
             Began as a Vampire Necromancer on Sept 1, 2017.
             Slain by a gnoll
             ... wielding a +0 whip
              (7 damage)
             ... on level 1 of the Dungeon.
             The game lasted 00:08:26 (962 turns).

CotterCat the Grave Robber (Vampire Necromancer)     Turns: 962, Time: 00:08:26

Health: -1/19      AC:  3    Str:  7    XL:     2   Next: 34%
Magic:  4/5        EV: 12    Int: 17    God:
Gold:   11         SH:  0    Dex: 14    Spells: 3/5 levels left

rFire    . . .     SeeInvis +   h - -3 short sword (curse)
rCold    + . .     Gourm    .   (no shield)
rNeg     + + .     Faith    .   g - +0 leather armour
rPois    +         Spirit   .   (no helmet)
rElec    .         Reflect  .   (no cloak)
rCorr    .         Harm     .   (no gloves)
MR       .....                  (no boots)
Stlth    +++.......             (no amulet)
HPRegen  0.03/turn              (no ring)
MPRegen  0.09/turn              (no ring)

@: regenerating slowly
A: fangs 3, see invisible, unbreathing
a: no special abilities


You were on level 1 of the Dungeon.
You were thirsty.

You visited 1 branch of the dungeon, and saw 1 of its levels.

You collected 11 gold pieces.

Inventory:

Hand Weapons
 f - a +0 whip
 h - a cursed -3 short sword (weapon)
 i - a +0 dagger
 j - a +0 spear
Missiles
 d - 44 stones (quivered)
Armour
 a - a +0 robe
 g - a +0 leather armour (worn)
Scrolls
 e - 2 scrolls of identify
Potions
 c - 8 potions of blood
Books
 b - a book of Necromancy

   Spells                             Type                      Level
   a - Pain                           Necromancy                   1
   b - Animate Skeleton               Necromancy                   1
   c - Vampiric Draining              Necromancy                   3
   d - Regeneration                   Charms/Necromancy            3
   e - Animate Dead                   Necromancy                   4
   f - Control Undead                 Necromancy                   4


   Skills:
 + Level 0.1 Maces & Flails
 + Level 0.2 Throwing
 + Level 2.1 Dodging
 + Level 3.0 Stealth
 + Level 2.1 Spellcasting
 + Level 4.8 Necromancy


You had 3 spell levels left.
You knew the following spells:

 Your Spells              Type           Power        Failure   Level  Hunger
a - Pain                  Necr           ###.         3%          1    #......
b - Animate Skeleton      Necr           N/A          3%          1    #......


Dungeon Overview and Level Annotations

Branches:
Dungeon (1/15)

Altars:


Innate Abilities, Weirdness & Mutations

You heal slowly.
You have razor-sharp teeth.
You have supernaturally acute eyesight. (SInv)
You can survive without breathing.


Message History

Your frilled lizard skeleton barely misses the gnoll.
Casting: Pain
Confirm with . or Enter, or press ? or * to list all spells.
Aiming: Pain
Press: ? - help, Shift-Dir - straight line, f/p - gnoll
Aim: a gnoll, wielding a whip (chance to defeat MR: 84%)
The gnoll writhes in agony!
The gnoll hits you but does no damage. The gnoll barely misses you.
The gnoll hits you with a whip!
* * * LOW HITPOINT WARNING * * *
Your frilled lizard skeleton bites the gnoll but does no damage.
The gnoll barely misses your frilled lizard skeleton.
Throwing (i - inventory):
d - 44 stones (quivered)
Press: ? - help, Shift-Dir - straight line, f/p - gnoll
Aim: a gnoll, wielding a whip (lightly wounded) Really fire in your frilled lizard skeleton's direction?
Okay, then.
The gnoll hits you with a whip!
You die...

#..........#.####....###.##..
.............................
#..........#.#.#............#
.............#.........######
.......!.....#............#
.............#..........###♣♣
.............#..........# #♣P
........................# PP
#........###@g.#'###....## ##
.........# #..Z#.........###P
.........###.............#PP#
.........##..............#♣#.
.........##......###.....#P..
...##.#####......# #.....#P≈.
#......###....##♣..
##......##......#P#.
.................##♣PP


You could see a gnoll and a friendly frilled lizard skeleton.

Vanquished Creatures
  A dart slug (D:1)
  2 leopard geckos (D:1)
  A goblin (D:1)
  A frilled lizard (D:1)
  6 kobolds (D:1)
  A rat (D:1)
12 creatures vanquished.

Vanquished Creatures (collateral kills)
  A hobgoblin (D:1)
1 creature vanquished.

Vanquished Creatures (others)
  A bush (D:1)
  A plant (D:1)
2 creatures vanquished.

Grand Total: 15 creatures vanquished

Notes
Turn   | Place    | Note
-------+----------+-------------------------------------------
     0 | D:1      | CotterCat the Vampire Necromancer began the quest for the Orb.
     0 | D:1      | Reached XP level 1. HP: 13/13 MP: 3/3
   145 | D:1      | Learned a level 1 spell: Pain
   147 | D:1      | Learned a level 1 spell: Animate Skeleton
   291 | D:1      | Reached XP level 2. HP: 14/19 MP: 1/5
   962 | D:1      | Slain by a gnoll

Vault maps used:
D:1:      dpeg_arrival_water_temple_mockup, serial_park_tiny_2,
          lexackson_kobold_supper

Action                   || total
-------------------------++-------
Melee: Whip              ||     4
       Unarmed           ||     2
       Bite              ||     5
       Short sword       ||    62
Throw: Stone             ||     8
 Cast: Pain              ||    17
       Animate Skeleton  ||     7
  Use: Scroll            ||     2
       Potion            ||     1
Armor: Leather armour    ||     9
Dodge: Dodged            ||    23

Table legend:
 A = Spawn XP
 B = Non-spawn XP
 C = Spawn XP percentage of total XP
 D = Spawn monster count
 E = Non-spawn monster count
 F = Spawn count percentage of total count
 G = Total turns spent on level
                    A         B        C        D         E        F      G
               +---------+---------+-------+---------+---------+-------+---------
         Total |       0 |      22 |   0.0 |       0 |      13 |   0.0 |   962
               +---------+---------+-------+---------+---------+-------+---------
           D:1 |       0 |      22 |   0.0 |       0 |      13 |   0.0 |   962
               +---------+---------+-------+---------+---------+-------+---------
